 Dungeon Crawl Stone Soup version 0.23.1-37-gaa34b87 (webtiles) character file.

Game seed: 16326783880756917311

613 dhn the Covered (level 7, -8/90 HPs)
             Began as a Minotaur Fighter on Mar 23, 2019.
             Killed by divine providence
             ... invoked by an orc priest
              (11 damage)
             ... on level 4 of the Dungeon.
             The game lasted 00:04:44 (4069 turns).

dhn the Covered (Minotaur Fighter)                  Turns: 4069, Time: 00:04:46

Health: -8/90      AC: 15    Str: 21    XL:     7   Next: 20%
Magic:  6/6        EV:  2    Int:  6    God:
Gold:   253        SH: 10    Dex: 10    Spells: 6/6 levels left

rFire    . . .     SeeInvis .   a - +0 war axe
rCold    . . .     Gourm    .   c - +0 shield
rNeg     + + +     Faith    .   (armour currently unavailable)
rPois    +         Spirit   .   (helmet currently unavailable)
rElec    .         Reflect  .   (cloak currently unavailable)
rCorr    .         Harm     .   (gloves currently unavailable)
MR       .....     NoTele   +   (boots currently unavailable)
Stlth    +.........             (no amulet)
HPRegen  0.25/turn              (no ring)
MPRegen  0.10/turn              (no ring)

@: tree-form, corroded
A: (retaliatory headbutt)
a: no special abilities


You were on level 4 of the Dungeon.
You were near starving.
You were a tree.
You visited 1 branch of the dungeon, and saw 5 of its levels.

You collected 253 gold pieces.

Inventory:

Hand Weapons
 a - a +0 war axe (weapon)
Armour
 b - a +0 scale mail (melded)
 c - a +0 shield (worn)
 t - a scarf of resistance (melded)
 w - a +0 cloak
Wands
 u - a wand of iceblast (8)
 v - a wand of scattershot (5)
Scrolls
 e - 5 scrolls of remove curse {unknown}
 i - 2 scrolls of enchant weapon {unknown}
 j - 2 scrolls of fog {unknown}
 k - 3 scrolls of teleportation {unknown}
 l - 2 scrolls of blinking {unknown}
 n - 5 scrolls of magic mapping {unknown}
 o - a scroll of enchant armour {unknown}
 r - 5 scrolls of identify {unknown}
 s - a scroll of fear {unknown}
Potions
 d - 2 potions of might
 g - a potion of flight {unknown}
 h - 3 potions of curing {unknown}
 m - 3 potions of lignification
 p - a potion of heal wounds {unknown}
 q - a potion of cancellation {unknown}
Comestibles
 f - 7 rations


   Skills:
 + Level 4.4 Fighting
 + Level 5.9 Axes
 + Level 6.1 Armour
 + Level 2.3 Dodging
 + Level 0.1 Stealth
 + Level 5.5 Shields


You had 6 spell levels left.
You didn't know any spells.
Your spell library was empty.

Dungeon Overview and Level Annotations

Branches:
Dungeon (5/15)
 Temple: D:4-7

Altars:


Innate Abilities, Weirdness & Mutations

((You reflexively headbutt those who attack you in melee.))
((You have a pair of horns on your head.))


Message History

You block the jelly's attack.
The orc priest mumbles some strange prayers to Beogh against you.
Beogh smites you! The jelly hits you.
You are splashed with acid!
* * * LOW HITPOINT WARNING * * *
The orc priest hits you with a +0 club.
* * * LOW HITPOINT WARNING * * *
Unknown command.
You closely miss the orc priest.
The orc priest is heavily wounded.
You hit the jelly but do no damage.
Your hands burn!
* * * LOW HITPOINT WARNING * * *
The jelly closely misses you. You block the orc priest's attack.
It was a potion of lignification.
You turn into a tree.
Your scarf of resistance melds into your body.
Your +0 scale mail melds into your body.
You feel hot and cold all over.
Your roots penetrate the ground.
The jelly hits you but does no damage.
The orc priest calls down the wrath of Beogh upon you.
Beogh smites you!
You die...

####### #.....#
############ #.....####
#..........# #.........
#..........# #.....####
#..........####.....####
#.......................
#......♣................
#.....oJ...#######.#####
#..........# #.#####
#..........## #......
#...........#### #######
#..............# #....#
#..............####.##.#
#######+#..............#
#.##.....#####.###


You could see a jelly and an orc priest.

Vanquished Creatures
  A scorpion (D:4)
  A hound (D:4)
  A centaur skeleton (D:4)
  An orc wizard (D:5)
  4 worker ants
  Robin (D:2)
  12 adders
  13 gnolls
  4 worms (D:2)
  6 dart slugs
  3 leopard geckos
  9 orcs
  7 giant cockroaches
  11 goblins
  8 hobgoblins
  10 jackals
  7 kobolds
  2 quokkas
  2 ball pythons
  6 bats
  7 frilled lizards
  2 leopard gecko skeletons (D:4)
  5 rats
123 creatures vanquished.

Notes
Turn   | Place    | Note
-------+----------+-------------------------------------------
     0 | D:1      | dhn the Minotaur Fighter began the quest for the Orb.
     0 | D:1      | Reached XP level 1. HP: 19/19 MP: 0/0
   213 | D:1      | Reached skill level 4 in Armour
   268 | D:1      | Reached XP level 2. HP: 21/27 MP: 1/1
   801 | D:2      | Reached XP level 3. HP: 25/33 MP: 2/2
   907 | D:2      | Reached skill level 1 in Dodging
  1140 | D:2      | Reached XP level 4. HP: 36/40 MP: 3/3
  1703 | D:2      | Noticed Robin
  1719 | D:2      | Killed Robin
  1719 | D:2      | Reached skill level 5 in Armour
  2078 | D:3      | Reached XP level 5. HP: 46/46 MP: 4/4
  2853 | D:3      | Reached XP level 6. HP: 14/52 MP: 5/5
  3205 | D:4      | Reached skill level 5 in Shields
  3525 | D:4      | Reached skill level 5 in Axes
  3541 | D:4      | Reached skill level 6 in Armour
  3627 | D:4      | Reached XP level 7. HP: 58/60 MP: 6/6
  3796 | D:5      | Entered Level 5 of the Dungeon
  4068 | D:4      | HP: 2/60 [acid (5)]
  4069 | D:4      | Killed from afar by an orc priest

Skill      XL: |  1  2  3  4  5  6 |
---------------+-------------------+-----
Armour         | 4 5 6 |  6.1
Shields        | 4 5 |  5.5
Axes           | 3 4 5 |  5.9
Dodging        | 1 2 |  2.3
Fighting       | 4 |  4.4
Stealth        | |  0.1

Action                   |  1- 3 |  4- 6 |  7- 9 || total
-------------------------+-------+-------+-------++-------
Melee: War axe           |    82 |   197 |    25 ||   304
       Headbutt          |    10 |    30 |     2 ||    42
  Use: Potion            |       |       |     1 ||     1
  Eat: Chunk             |       |     9 |       ||     9
Armor: Scale mail        |    40 |    62 |    13 ||   115
       Skin              |       |       |     1 ||     1
Dodge: Dodged            |    18 |    76 |    19 ||   113
Block: Shield            |    52 |   130 |    25 ||   207
